 Dungeon Crawl Stone Soup version 0.32-a0-141-g04fe69798e (webtiles) character file.

Game seed: 17210619188004714856

20 Kenran the Shooter (level 2, 0/14 HPs)
             Began as a Spriggan Hunter on Feb 11, 2024.
             Slain by a hobgoblin (4 damage)
             ... on level 2 of the Dungeon.
             The game lasted 00:01:19 (787 turns).

Kenran the Shooter (Spriggan Hunter)                 Turns: 787, Time: 00:01:20

Health: 0/14       AC:  2    Str:  7    XL:     2   Next: 58%
Magic:  3/3        EV: 17    Int: 10    God:
Gold:   71         SH:  0    Dex: 18    Spells: 1/1 levels left

rFire   . . .        a - +0 shortbow
rCold   . . .        (shield currently unavailable)
rNeg    . . .        c - +0 robe
rPois   .            (helmet restricted)
rElec   .            (no cloak)
rCorr   .            (gloves unavailable)
SInv    +            (boots unavailable)
Will    .....        (no amulet)
Stlth   ++           (no ring)
HPRegen 0.22/turn    (no ring)
MPRegen 0.08/turn

%: no passive effects
@: very quick
A: very small, no large weapons, unfitting armour, see invisible, speed 3
a: no special abilities


You were on level 2 of the Dungeon.
You visited 1 branch of the dungeon, and saw 2 of its levels.

You collected 71 gold pieces.

Inventory:

Hand Weapons
 a - a +0 shortbow (weapon)
Armour
 c - a +0 robe (worn)
Scrolls
 b - a scroll of butterflies
 d - 2 scrolls of identify {unknown}


   Skills:
 - Level 1.5 Fighting
 + Level 4.8 Ranged Weapons
 - Level 2.6 Dodging
 - Level 1.5 Stealth


You had one spell level left.
You didn't know any spells.
Your spell library was empty.

Dungeon Overview and Level Annotations

Branches:
Dungeon (2/15)

Altars:

Annotations:
D:2 Sigmund


Innate Abilities, Weirdness & Mutations

You are very small and have problems with some larger weapons.
You are too small for most types of armour.
You have supernaturally acute eyesight. (SInv)
You cover ground extremely quickly. (Speed+++)


Message History

You shoot an arrow. Sigmund gestures at you while chanting.
You are more confused.
Non-targeted confused fire: a) +0 shortbow
Press: ? - help, Q - select action Dir - look around, f - activate Look: Sigmund, wielding a +0 scythe and wearing a +0 robe (lightly wounded)
You shoot an arrow.
Non-targeted confused fire: a) +0 shortbow
Press: ? - help, Q - select action Dir - look around, f - activate You shoot an arrow.
Non-targeted confused fire: a) +0 shortbow
Press: ? - help, Q - select action Dir - look around, f - activate Look: Sigmund, wielding a +0 scythe and wearing a +0 robe (lightly wounded)
You shoot an arrow.
Sigmund points at you and mumbles some strange words.
You resist with some effort.
You're too confused to move!
Sigmund mumbles some strange words.
Sigmund flickers and vanishes for a moment.
You bump into the rock wall.
Sigmund misses you.
You bump into the rock wall.
An endoplasm comes into view.
The endoplasm quivers.
Sigmund hits you with a +0 scythe!
Ouch! That really hurt!
* * * LOW HITPOINT WARNING * * *
Sigmund breathes a few words.
Sigmund's hands start flickering wildly.
Sigmund closely misses you.
A quokka comes into view.
You bump into the rock wall.
You feel less confused. The quokka closely misses you.
A hobgoblin comes into view.
A bat comes into view.
The hobgoblin shouts!
The bat closely misses you. The bat hits you.
* * * LOW HITPOINT WARNING * * *
The hobgoblin hits you.
You die...

### ##... #..... ..... ..
#...# #.# ...# ..# ##...#
#.# ####@..# #.####.r.g..#
#.#......b.## #...@....###
#####....#####
#...#.####################
#...#.##.#....#......#...#
#...#.##....#.#......#.#.#
#.........<...######.....#


You could see Sigmund (invisible), a quokka, a hobgoblin and a bat.

Vanquished Creatures
  A dart slug (D:1)
  A bat (D:1)
  An endoplasm (D:1)
  2 giant cockroaches (D:1)
  3 goblins (D:1)
  A hobgoblin (D:1)
  4 kobolds (D:1)
  4 rats (D:1)
17 creatures vanquished.

Notes
Turn   | Place    | Note
-------+----------+-------------------------------------------
     0 | D:1      | Kenran the Spriggan Hunter began the quest for the Orb.
     0 | D:1      | Reached XP level 1. HP: 10/10 MP: 2/2
   223 | D:1      | Reached XP level 2. HP: 14/14 MP: 3/3
   747 | D:2      | Noticed Sigmund
   787 | D:2      | Slain by a hobgoblin

Illustrated notes

Levels and vault maps discovered:
D:1:      spicycebolla_green_bress_n_ham, layout_loops_corners,
          minmay_misc_feat_iff
D:2:      layout_basic, serial_curves, eino_curves_02, eino_curves_04,
          eino_curves_01, eino_curves_04, kennysheep_pointless_box,
          chequers_garden, uniq_sigmund

Action                     || total
---------------------------++-------
   Fire: Shortbow          ||    47
 Armour: Robe              ||     5
  Dodge: Dodged            ||    12

Table legend: (Time is in decaauts)
 A = Elapsed time spent in this place.
 B = Non-inter-level travel time spent in this place.
 C = Inter-level travel time spent in this place.
 D = Time resting spent in this place.
 E = Time spent auto-exploring this place.
 F = Levels seen in this place.
 G = Mean time per level.
                   A        B        C        D        E       F      G
               +--------+--------+--------+--------+--------+-----+--------+
         Total |    508 |    502 |      6 |      0 |    396 |   2 |  254.0 |
       Dungeon |    508 |    502 |      6 |      0 |    396 |   2 |  254.0 |
               +--------+--------+--------+--------+--------+-----+--------+

Top non-repeatable levels by time:
     D:1: 461 daAuts
     D:2: 47 daAuts
